 Dungeon Crawl Stone Soup version 0.28-a0-1080-g05a166d0ed (webtiles) character file.

Game seed: 4649982645688211832

1922 ytrimaz the Martial Artist (level 9, -2/59 HPs)
             Began as an Octopode Transmuter on Dec 9, 2021.
             Was an Initiate of Ashenzari.
             Killed from afar by an acid dragon (23 damage)
             ... with a splash of acid
             ... on level 5 of the Dungeon.
             The game lasted 00:08:21 (6266 turns).

ytrimaz the Martial Artist (Octopode Transmuter)    Turns: 6266, Time: 00:08:22

Health: -2/59      AC: -6    Str: 15    XL:     9   Next: 17%
Magic:  17/17      EV: 23    Int: 19    God:    Ashenzari [......]
Gold:   221        SH:  0    Dex: 18    Spells: 13/19 levels left

rFire   . . .      SeeInvis .     - Unarmed
rCold   . . .      Faith    .   (shield currently unavailable)
rNeg    . . .      Spirit   .   (helmet currently unavailable)
rPois   x          Reflect  .   (no amulet)
rElec   .          Harm     .   b - +4 ring of evasion
rCorr   .          Rampage  .   d - +6 ring of strength
Will    .....                   (no ring)
Stlth   ++........              (no ring)
HPRegen 0.99/turn               (no ring)
MPRegen 0.15/turn               (no ring)
                                (no ring)
                                (no ring)

@: spider-form (expiring), corroded
A: venomous fangs, almost no armour, (amphibious), 8 rings, tiny, (camouflage
1), (gelatinous body 1), (nimble swimmer 1), (tentacles), (cold resistance 1),
regeneration 1, wild magic 1
a: End Transformation, Renounce Religion


You were on level 5 of the Dungeon.
You worshipped Ashenzari.
Ashenzari was noncommittal.
You were a venomous arachnid creature.
You visited 2 branches of the dungeon, and saw 6 of its levels.

You collected 366 gold pieces.
You spent 145 gold pieces at shops.

Inventory:

Jewellery
 b - a +4 ring of evasion (left front leg)
 d - a +6 ring of strength (right front leg)
Wands
 i - a wand of flame (19)
Scrolls
 j - 3 scrolls of teleportation
Potions
 a - a potion of mutation
 c - 4 potions of flight
 e - 2 potions of curing {unknown}
 f - 2 potions of berserk rage {unknown}
 g - 3 potions of attraction
 h - 2 potions of brilliance


   Skills:
 * Level 4.5 Fighting
 - Level 2.0 Dodging
 + Level 8.1 Unarmed Combat
 * Level 5.5 Spellcasting
 * Level 5.4 Transmutations


You had 13 spell levels left.
You knew the following spells:

 Your Spells              Type           Power      Damage    Failure   Level
a - Beastly Appendage     Tmut           66%        N/A       10%         1
b - Wereblood             Tmut           33%        N/A       12%         2
c - Spider Form           Tmut/Pois      20%        N/A       36%         3

Your spell library contained the following spells:

 Spells                   Type           Power      Damage    Failure   Level
 Sting                    Tmut/Pois      80%        1d7       17%         1
 Poisonous Vapours        Pois/Air       12%        N/A       47%         2
 Ice Form                 Ice/Tmut       20%        N/A       67%         4
 Olgreb's Toxic Radiance  Pois           7%         N/A       93%         4


Dungeon Overview and Level Annotations

Branches:
Dungeon (5/15)             Temple (1/1) D:5

Altars:
Ashenzari
Dithmenos
Elyvilon
Fedhas
Gozag
Hepliaklqana
Kikubaaqudgha
Makhleb
Nemelex Xobeh
Okawaru
Qazlal
Ru
Sif Muna
Uskayaw
Vehumet
Wu Jian
Xom
Yredelemnul
Zin
The Shining One

Shops:
D:1 (   D:2 *   D:4 (=


Innate Abilities, Weirdness & Mutations

You are a venomous arachnid creature.
You have poisonous fangs.
You are tiny and dextrous.
Your spellcasting is less reliable in this form.
Your armour is entirely melded.
You are incapable of wielding weapons or throwing items.
You cannot wear most types of armour.
((You are amphibious.))
You can wear up to eight rings at the same time.
((Your skin changes colour to match your surroundings (Stealth+).))
((Your rubbery body absorbs attacks. (AC +1, EV +1)))
((You are camouflaged near water. (Stealth+)))
((You have tentacles for arms and can constrict up to eight enemies at once.))
((Your flesh is cold resistant. (rC+)))
Your natural rate of healing is unusually fast.
Your spells are a little harder to cast, but a little more powerful.


Message History

The water moccasin zombie barely misses you.
You barely miss the water moccasin zombie.
You grab the water moccasin zombie. You squeeze the water moccasin zombie.
You destroy the water moccasin zombie!
Casting: Spider Form (dangerous; 17% risk of failure)
Confirm with . or Enter, or press ? or * to list all spells.
You turn into a venomous arachnid creature.
You bite the acid dragon!
The acid dragon is moderately wounded.
The acid dragon spits acid at you. The splash of acid hits you!!!
Ouch! That really hurt!
* * * LOW HITPOINT WARNING * * *
You are too injured to fight recklessly!
Unknown command.
Okay, then.
Unknown command.
Really crawl into that dispersal trap?
You enter a dispersal trap!
The acid dragon blinks! x2; You blink.
Unknown command.
Really crawl into that dispersal trap?
You enter a dispersal trap!
The acid dragon blinks!
You blink.
Unknown command.
The acid dragon spits acid at you. The splash of acid hits you!
* * * LOW HITPOINT WARNING * * *
The acid corrodes you!
Unknown command.
The acid dragon spits acid at you. The splash of acid hits you!!
* * * LOW HITPOINT WARNING * * *
The acid corrodes you!
Things that are here:
a +0 dagger; 23 stones; a +0 ring mail Your transformation is almost over.
Items here: ( )) รท.
There is a stone staircase leading down here.
The acid dragon spits acid at you. The splash of acid hits you!!
You die...

#...#...#...#...#.##
.#)#...#.#...#)#...#
..#...#...#D..#....#####
..........).......#.#..#
#...#...#...#...#......#
.#.#...#.#..)#.#.......#
..#...#...#...#......).#
.......)............#..#
................s.######
.......#..........#
.......##.).....###
.......##..#...##
....##.....##.#..#
........#..##.....#
..........###..#...#
..............##...#
..............# ##


You could see an acid dragon (catching breath).

Vanquished Creatures
  A two-headed ogre (D:5)
  Sigmund (D:4)
  Edmund (D:4)
  A black bear (D:5)
  3 scorpions
  A gnoll sergeant (D:5)
  A water moccasin zombie (D:5)
  A centaur zombie (D:5)
  2 hounds (D:5)
  A centaur skeleton (D:5)
  A jelly (D:4)
  An orc priest (D:5)
  Ijyb (D:4)
  3 iguanas (D:5)
  Natasha (twice) (D:2)
  3 orc wizards
  2 hound zombies
  A howler monkey skeleton (D:5)
  9 gnolls
  5 adders
  A shadow imp (D:5)
  An adder skeleton (D:4)
  An adder zombie (D:5)
  2 worms
  3 dart slugs
  9 orcs
  4 bats
  5 endoplasms
  5 giant cockroaches
  5 goblins
  8 hobgoblins
  10 jackals
  A quokka (D:2)
  7 ball pythons
  3 kobolds
  2 rats (D:3)
108 creatures vanquished.

Notes
Turn   | Place    | Note
-------+----------+-------------------------------------------
     0 | D:1      | ytrimaz the Octopode Transmuter began the quest for the
                  | Orb.
     0 | D:1      | Reached XP level 1. HP: 13/13 MP: 3/3
    57 | D:1      | Reached XP level 2. HP: 12/18 MP: 5/5
   176 | D:1      | Found Buacohus's Weapon Shop.
   250 | D:1      | Learned a level 2 spell: Wereblood
  1022 | D:1      | Reached XP level 3. HP: 23/23 MP: 6/6
  1036 | D:1      | Found a faded altar of an unknown god.
  1045 | D:1      | Prayed at the altar of an unknown god.
  1045 | D:1      | Became a worshipper of Xom of Unknown Intention
  1346 | D:1      | XOM: silly message
  1560 | D:2      | Noticed Natasha
  1571 | D:2      | Killed Natasha
  1611 | D:2      | Reached XP level 4. HP: 29/29 MP: 7/7
  1721 | D:2      | Found Dilus's Assorted Antiques.
  1745 | D:2      | Reached skill level 4 in Unarmed Combat
  1776 | D:2      | Learned a level 3 spell: Spider Form
  2026 | D:2      | Noticed Natasha
  2035 | D:2      | Killed Natasha
  2366 | D:3      | XOM: blink monster(s)
  2367 | D:3      | XOM: silly message
  2381 | D:3      | Reached XP level 5. HP: 24/34 MP: 2/9
  2723 | D:3      | XOM: 7-stop teleportation journey
  2915 | D:3      | XOM: divination: detect creatures
  3138 | D:3      | XOM: god gift: leather armour {god gift}
  3166 | D:3      | XOM: god gift: 49 gold pieces
  3289 | D:4      | XOM: divination: detect items
  3290 | D:4      | XOM: summons 2 friendly demons
  3301 | D:4      | Reached XP level 6. HP: 17/41 MP: 8/10
  3508 | D:4      | Found a glowing golden altar of the Shining One.
  3591 | D:4      | Found Naudoumm's Jewellery Emporium.
  3612 | D:4      | Noticed Ijyb
  3626 | D:4      | Killed Ijyb
  3703 | D:2      | Bought a crude steel amulet for 145 gold pieces
  3703 | D:2      | Identified the amulet "Domockin" {-Cast Harm +Inv rElec
                  | Regen+} (You bought it in a shop on level 2 of the Dungeon)
  3823 | D:4      | Found Ohoomn's Weapon Emporium.
  3911 | D:4      | XOM is BORED!
  3911 | D:4      | XOM: summons 1 hostile shadow creature
  4003 | D:4      | Reached skill level 5 in Unarmed Combat
  4056 | D:4      | Noticed Edmund
  4060 | D:4      | Noticed Sigmund
  4060 | D:4      | XOM: enchant monster (good)
  4071 | D:4      | Killed Edmund
  4082 | D:4      | Killed Sigmund
  4083 | D:4      | Reached XP level 7. HP: 30/46 MP: 6/12
  4684 | D:5      | Entered Level 5 of the Dungeon
  4684 | D:5      | Found a staircase to the Ecumenical Temple.
  4700 | Temple   | Entered the Ecumenical Temple
  4701 | Temple   | XOM: god gift: 18 stones
  4710 | Temple   | Reached skill level 6 in Unarmed Combat
  5052 | Temple   | XOM: give mutations
  5052 | Temple   | Gained mutation: Your spells are a little harder to cast,
                  | but a little more powerful. [Xom's grace]
  5052 | Temple   | Gained mutation: Your natural rate of healing is unusually
                  | fast. [Xom's grace]
  5052 | Temple   | Gained mutation: Your flesh is cold resistant. (rC+) [Xom's
                  | grace]
  5111 | Temple   | Fell from the grace of Xom
  5111 | Temple   | Became a worshipper of Ashenzari the Shackled
  5216 | D:5      | XOM: torment (24/46 hp)
  5299 | D:5      | Noticed a two-headed ogre
  5318 | D:5      | Reached XP level 8. HP: 42/52 MP: 7/14
  5321 | D:5      | XOM: confusion
  5599 | D:5      | Found a sparkling altar of Nemelex Xobeh.
  5922 | D:5      | Killed a two-headed ogre
  5923 | D:5      | Reached skill level 7 in Unarmed Combat
  5923 | D:5      | Reached skill level 5 in Spellcasting
  5923 | D:5      | Reached skill level 5 in Transmutations
  5923 | D:5      | Reached XP level 9. HP: 37/59 MP: 10/16
  6094 | D:5      | Reached skill level 8 in Unarmed Combat
  6266 | D:5      | Killed from afar by an acid dragon

Illustrated notes

Levels and vault maps discovered:
D:1:      ncdulo_watergridlock, layout_basic, ebering_ecumenical_altar_hall,
          serial_shops, nicolae_shop_bloodbath_and_beyond
D:2:      layout_basic, serial_shops, shop, uniq_natasha
D:3:      kennysheep_big_flooded_room, layout_basic, minivault_4
D:4:      layout_basic, lemuel_tele_altar, serial_shops, nicolae_lakefront_shop,
          kennysheep_little_box, sigmund_edmund_badplayer, uniq_ijyb
D:5:      cheibrodos_fzero, layout_cave_pools,
          nemelex_xobeh_ov_fountains_minmay, minmay_temple_entry_mini_moons,
          serial_gnoll_camp, gnoll_camp_mini_loothouse,
          gnoll_camp_mini_doghouse, gnoll_camp_mini_sergeant
Temple:   dpeg_five_rooms_temple

Skill      XL: |  1  2  3  4  5  6  7  8  9 |
---------------+----------------------------+-----
Unarmed Combat | 4 5 6 7 8 |  8.1
Fighting       | 2 3 4 |  4.5
Spellcasting   | 3 4 5 |  5.5
Transmutations | 3 4 5 |  5.4
Dodging        | |  2.0

Action                   |  1- 3 |  4- 6 |  7- 9 || total
-------------------------+-------+-------+-------++-------
Melee: Unarmed           |    70 |   125 |   140 ||   335
       Constrict         |    15 |    24 |    15 ||    54
       Tentacles         |    10 |    20 |    15 ||    45
       Kick              |       |     1 |       ||     1
       Punch             |       |     2 |     2 ||     4
 Cast: Beastly Appendage |     1 |     3 |       ||     4
       Wereblood         |     1 |     2 |     2 ||     5
       Spider Form       |       |     4 |    12 ||    16
  Use: Scroll            |     1 |     8 |     5 ||    14
       Potion            |       |     3 |       ||     3
 Stab: Sleeping          |     6 |     3 |       ||     9
Armor: Skin              |     9 |     4 |     7 ||    20
Dodge: Dodged            |    42 |    85 |   171 ||   298

Table legend: (Time is in decaauts)
 A = Elapsed time spent in this place.
 B = Non-inter-level travel time spent in this place.
 C = Inter-level travel time spent in this place.
 D = Time resting spent in this place.
 E = Time spent auto-exploring this place.
 F = Levels seen in this place.
 G = Mean time per level.
                   A        B        C        D        E       F      G
               +--------+--------+--------+--------+--------+-----+--------+
         Total |   6238 |   5944 |    294 |    799 |   3996 |   6 | 1039.7 |
       Dungeon |   5794 |   5562 |    232 |    799 |   3645 |   5 | 1158.8 |
        Temple |    444 |    382 |     62 |      0 |    351 |   1 |  444.0 |
               +--------+--------+--------+--------+--------+-----+--------+

Top non-repeatable levels by time:
     D:4: 1530 daAuts
     D:1: 1487 daAuts
     D:3: 1093 daAuts
     D:5: 912 daAuts
     D:2: 770 daAuts
  Temple: 444 daAuts
